[Event "2nd China Preliminary Asian Games 2022"]
[Site "HangZhou"]
[Date "2022.04.24"]
[Round "10.1"]
[White "Xu, Xiangyu"]
[Black "Zhang, Zhong"]
[Result "0-1"]
[ECO "E12"]
[WhiteElo "2564"]
[BlackElo "2640"]
[Annotator "TA"]
[PlyCount "85"]
[EventDate "2022.04.13"]
[EventType "tourn"]
[EventCountry "CHN"]
[SourceTitle "playchess.com"]
[Source "ChessBase"]
[SourceQuality "1"]
[TimeControl "40/5400+30:1800+30"]

1. d4 Nf6 2. Nf3 e6 3. c4 b6 4. a3 Ba6 5. Qc2 Bb7 6. Nc3 c5 7. dxc5 bxc5 8. Bg5 {[%emt 0:00:35] E12: Queen's Indian: Unusual White 4th moves, 4 a3, 4 Nc3 Bb7 5 a3 and 4 Nc3 Bb7 .} d6 $5 {[%emt 0:05:09][%mdl 4] Exploring less charted territory.} 9. e3 Nbd7 10. Be2 {[%emt 0:09:04] [#] White has an edge.} h6 $146 ({Predecessor:} 10... Be7 11. O-O h6 12. Bh4 g5 13. Bg3 h5 14. Nxg5 h4 15. Nxe6 fxe6 16. Qg6+ Kf8 {0-1 (81) Gomez Jurado,L (2350)-Berg,E (2540) Calvia 2005}) 11. Bh4 Qb6 12. Bg3 Nh5 13. Rd1 Nxg3 14. hxg3 Rb8 15. Rd2 Nf6 16. O-O Be7 17. b4 O-O 18. Rb1 Rfc8 19. Qa2 Ba8 20. Ne1 Qc7 21. Nb5 Qd7 {[%emt 0:00:57] Strongly threatening ...Ne4.} 22. Nc3 Qc7 23. Nb5 Qd7 24. Nc3 a6 (24... d5 $5 ) 25. bxc5 Rxb1 26. Qxb1 Rxc5 27. Rb2 Rc8 28. Nf3 (28. Rb8 $15) 28... Qa7 $17 29. Na4 Bc6 30. Nb6 Rd8 31. Nd4 Be8 32. Bf3 Qc7 33. Qc2 Qc5 34. Na4 {[%emt 0:01:29] [#]} Qa5 35. Bd1 (35. Nb6 $17) 35... Rc8 36. Rb7 (36. Qc3 $142 Qxc3 37. Nxc3) 36... Bd8 37. Kf1 d5 38. c5 e5 39. Qf5 $2 (39. Ne2) 39... Ra8 {[%emt 0:01:49] Black is clearly winning.} 40. Qxe5 Bxa4 41. Bh5 Qxc5 42. Bxf7+ Kh8 {[%emt 0:00:23] [#] ( -> ...Qc1+)} 43. Qe6 {[%emt 0:22:24] Weighted Error Value: White=0.28 (precise) /Black=0.08 (flawless)} 0-1

[Event "2nd China Preliminary Asian Games 2022"]
[Site "HangZhou"]
[Date "2022.04.24"]
[Round "10.2"]
[White "Ma, Qun"]
[Black "Wei, Yi"]
[Result "1/2-1/2"]
[ECO "C47"]
[WhiteElo "2645"]
[BlackElo "2729"]
[Annotator "TA"]
[PlyCount "61"]
[EventDate "2022.04.13"]
[EventType "tourn"]
[EventCountry "CHN"]
[SourceTitle "playchess.com"]
[Source "ChessBase"]
[SourceQuality "1"]
[TimeControl "40/5400+30:1800+30"]

1. e4 e5 2. Nf3 Nc6 3. d4 exd4 4. Nxd4 Nf6 5. Nc3 Bb4 6. Nxc6 bxc6 7. Bd3 O-O 8. O-O d5 9. exd5 cxd5 10. Bg5 c6 11. Qf3 Rb8 {[%emt 0:00:16][%cal Ba8b8,Bb8b7,Bb7c7][%mdl 32] 11...h6 is a critical line.} 12. Ne2 {[%emt 0:01:46] C47: Scotch Four Knights and Four Knights with 4 g3.} Bg4 13. Bxf6 {[%emt 0:00:39] [#] Black must now prevent Bxh7+.} Bxf3 14. Bxd8 {[%emt 0:00:09] Hoping for Bc7.} Bxe2 15. Bxe2 {[%emt 0:00:06] [#] Bc7 is the strong threat.} Re8 $146 ({Predecessor:} 15... Rfxd8 16. a3 Bd6 17. b4 c5 18. Rfd1 cxb4 19. axb4 Bxb4 20. Rxa7 Bc5 21. Ra5 Rbc8 {½-½ (38) Wei,Y (2732)-Yu,Y (2709) Chess.com INT 2020}) 16. Bc7 Rb7 17. Bd3 {[%emt 0:00:35] [#] aiming for Bf4.} Rxc7 18. a3 Bc5 19. Rfe1 Rxe1+ 20. Rxe1 $11 {[%emt 0:00:05][%mdl 4096] Endgame KRB-KRB} Re7 {[%emt 0:00:04] Against Re8+} 21. Kf1 Rxe1+ {[%emt 0:00:09] The position is equal.} 22. Kxe1 {[%emt 0:00:05] KB-KB} Kf8 23. b4 Bd4 24. Ke2 h6 25. c4 dxc4 26. Bxc4 Bb2 27. a4 Ba3 28. b5 cxb5 29. Bxb5 a5 30. h3 Bb4 31. Kf1 {[%emt 0:00:30] An interesting draw.  Weighted Error Value: White=0.05 (flawless) /Black=0.04 (flawless)} 1/2-1/2

[Event "2nd China Preliminary Asian Games 2022"]
[Site "HangZhou"]
[Date "2022.04.24"]
[Round "10.3"]
[White "Ding, Liren"]
[Black "Bu, Xiangzhi"]
[Result "1/2-1/2"]
[ECO "C67"]
[WhiteElo "2799"]
[BlackElo "2700"]
[Annotator "TA"]
[PlyCount "61"]
[EventDate "2022.04.13"]
[EventType "tourn"]
[EventCountry "CHN"]
[SourceTitle "playchess.com"]
[Source "ChessBase"]
[SourceQuality "1"]
[TimeControl "40/5400+30:1800+30"]

1. e4 e5 2. Nf3 Nc6 3. Bb5 Nf6 4. O-O Nxe4 5. Re1 Nd6 6. Nxe5 Be7 7. Bf1 Nxe5 8. Rxe5 O-O 9. d4 Bf6 10. Re1 {[%emt 0:00:24] The position is equal.} Re8 {[%emt 0:01:13] C67: Ruy Lopez: Berlin Defence: 4 0-0 Nxe4.} 11. c3 Rxe1 12. Qxe1 Ne8 13. Bf4 d5 14. Bd3 g6 15. Nd2 Ng7 16. Nf3 {[%emt 0:00:55] 16.Nf3 scores better than 16.Qe2.} Bf5 17. Bxf5 Nxf5 18. Qe2 c6 {[%emt 0:01:36] Inhibits Qb5.} 19. Re1 Ng7 20. Be5 Ne6 21. Bxf6 Qxf6 22. Qe5 Qxe5 23. Nxe5 $11 {[%emt 0:00:06][%mdl 4096] Endgame KRN-KRN} Kg7 24. Kf1 {[%emt 0:00:07] [#]} Re8 $146 ({Predecessor:} 24... Rd8 25. g3 Nc7 26. Nd3 Ne6 27. Ne5 Nc7 28. Nd3 Ne6 29. Ne5 Nc7 30. Nd3 Ne6 {½-½ (30) Ma,Q (2620)-Cheparinov,I (2711) China 2018}) 25. Nd3 Kf8 26. h4 h5 27. g3 Re7 28. Re3 Ng7 29. Ke2 Nf5 30. Rxe7 Kxe7 31. Kf3 {[%emt 0:01:02] Not much happened in this game.  Weighted Error Value: White=0.03 (flawless) /Black=0.01 (flawless)} 1/2-1/2